[Event "77th LOTTO POL-ch 2020"]
[Site "Warsaw"]
[Date "2020.07.25"]
[Round "3.1"]
[White "Sadzikowski, Daniel"]
[Black "Heberla, Bartlomiej"]
[Result "1/2-1/2"]
[ECO "A63"]
[WhiteElo "2374"]
[BlackElo "2527"]
[Annotator "ChessBase"]
[PlyCount "63"]
[EventDate "2020.07.21"]
[EventType "k.o."]
[EventCountry "POL"]
[SourceTitle "playchess.com"]
[Source "ChessBase"]
[SourceQuality "1"]
[TimeControl "40/5400+30:1800+30"]

1. d4 Nf6 2. c4 c5 3. d5 g6 4. Nc3 Bg7 5. g3 O-O 6. Bg2 e6 7. Nf3 exd5 8. cxd5 d6 9. O-O Nbd7 10. Bf4 Qe7 11. a4 b6 12. Re1 Ng4 13. Bg5 f6 14. Bc1 Nde5 15. h3 Nh6 16. Nxe5 fxe5 17. e4 Nf7 18. Kh2 h5 19. Qe2 Bh6 20. Bxh6 Nxh6 21. a5 Bd7 22. Rf1 h4 23. Qe3 Kg7 24. axb6 axb6 25. Kg1 hxg3 26. fxg3 Rxf1+ 27. Rxf1 b5 28. Rb1 b4 29. Nd1 Nf7 30. Qd2 Bb5 31. h4 Nh6 32. Ne3 1/2-1/2